 Dungeon Crawl Stone Soup version 0.24.1 (webtiles) character file.

Game seed: 11764774059708219473, levelgen mode: deterministic

91 Destapler the Chiller (level 4, -2/38 HPs)
             Began as a Draconian Wanderer on Mar 30, 2020.
             Slain by Grinder (5 damage)
             ... on level 3 of the Dungeon.
             The game lasted 00:07:36 (2729 turns).

Destapler the Chiller (Draconian Wanderer)          Turns: 2729, Time: 00:07:36

Health: -2/38      AC:  5    Str: 11 (13) XL:     4   Next: 34%
Magic:  4/4        EV: 11    Int: 15 (17) God:
Gold:   114        SH:  0    Dex:  8 (9)  Spells: 2/3 levels left

rFire    + . .     SeeInvis .   w - +0 whip (venom)
rCold    + . .     Gourm    .   (no shield)
rNeg     . . .     Faith    .   (armour unavailable)
rPois    .         Spirit   .   (helmet restricted)
rElec    .         Reflect  .   o - scarf {rC+ rF+}
rCorr    .         Harm     .   (no gloves)
MR       .....                  (no boots)
Stlth    +.........             (no amulet)
HPRegen  0.12/turn              s - +3 ring of intelligence
MPRegen  0.09/turn              (no ring)

@: very slightly contaminated, invisible
A: unfitting armour, hooves 1, clumsy 1, cold-blooded, AC +5
a: no special abilities


You were on level 3 of the Dungeon.
You were hungry.

You visited 1 branch of the dungeon, and saw 3 of its levels.

You collected 114 gold pieces.

Inventory:

Hand Weapons
 a - a +0 club
 w - a +0 whip of venom (weapon)
Armour
 g - a +0 cloak
 n - a +0 large shield
 o - a scarf of resistance (worn)
Jewellery
 s - a +3 ring of intelligence (left hand)
Scrolls
 c - 4 scrolls of teleportation
 e - 3 scrolls of magic mapping {unknown}
 h - a scroll of noise {unknown}
 i - a scroll of enchant weapon {unknown}
 j - a scroll of amnesia {unknown}
 k - 2 scrolls of identify {unknown}
 m - a scroll of fear {unknown}
 p - 2 scrolls of remove curse {unknown}
 r - a scroll of fog {unknown}
Potions
 b - 2 potions of lignification
 d - a potion of cancellation
 l - a potion of brilliance {unknown}
 q - 2 potions of degeneration
 v - a potion of heal wounds {unknown}
Comestibles
 f - 5 rations


   Skills:
 + Level 3.3 Fighting
 + Level 1.5 Shields
 + Level 2.3 Unarmed Combat
 + Level 3.7 Ice Magic
   Level 2.0 Poison Magic
   Level 1.0 Evocations


You had 2 spell levels left.
You knew the following spells:

 Your Spells              Type           Power        Failure   Level  Hunger
a - Freeze                Ice            ##..         6%          1    ##.....

Your spell library contained the following spells:

 Spells                   Type           Power        Failure   Level  Hunger
 Throw Frost              Conj/Ice       #.....       19%         2    ###....
 Ozocubu's Armour         Chrm/Ice       #.......     36%         3    ####...
 Summon Ice Beast         Ice/Summ       #.......     77%         4    #####..
 Throw Icicle             Conj/Ice       #.......     77%         4    #####..


Dungeon Overview and Level Annotations

Branches:
Dungeon (3/15)

Altars:
Gozag
Vehumet

Annotations:
D:3 Grinder


Innate Abilities, Weirdness & Mutations

Your plain brown scales are hard. (AC +5)
You cannot fit into any form of body armour.
You are cold-blooded and may be slowed by cold attacks.
You have large cloven feet.
You are clumsy. (Dex -2)


Message History

Grinder blinks!
You barely miss the orc. Your kick misses the orc.
You tail-slap the orc, but do no damage.
The orc closely misses you.
The orc throws a boomerang.
The boomerang closely misses the orc.
The boomerang hits you!
* * * LOW HITPOINT WARNING * * *
The weapon returns to the orc!
The orc barely misses you.
You barely miss the orc.
The orc shouts!
Your kick misses the orc. Grinder closely misses you.
The orc barely misses you. The orc closely misses you. Grinder hits you.
* * * LOW HITPOINT WARNING * * *
You writhe in agony.
* * * LOW HITPOINT WARNING * * *
You closely miss Grinder. You tail-slap Grinder.
Grinder is severely wounded.
The orc closely misses you.
The orc throws a boomerang.
The boomerang hits the orc.
The weapon returns to the orc!
The orc misses you. Grinder hits you.
You die...

o.......# #.......###
#%..o.....# #.........#
#.........# ########.
#.........# #........
+...o.....#
#........##...@.o...#
###............#5######
)...................>#
#†.........###.#.#####
#.....#### #.#.#
#.....###### #.#.#
#..........# #.#.#
#..........# #.#.#
#..........###.#.#


You could see Grinder and 4 orcs.

Vanquished Creatures
  4 adders
  An ooze (D:1)
  2 worms (D:2)
  3 leopard geckos
  An orc (D:3)
  2 giant cockroaches (D:3)
  6 goblins (D:1)
  2 hobgoblins
  4 jackals (D:1)
  6 kobolds
  3 bats
  2 frilled lizards (D:2)
  6 rats
42 creatures vanquished.

Notes
Turn   | Place    | Note
-------+----------+-------------------------------------------
     0 | D:1      | Destapler the Draconian Wanderer began the quest for the
                  | Orb.
     0 | D:1      | Destapler set off with the following items: a +0 club, a
                  | potion of lignification, a scroll of teleportation, a
                  | ration; and the following spell memorised: Freeze; and the
                  | following spells available to memorise: Throw Frost,
                  | Ozocubu's Armour, Summon Ice Beast, Throw Icicle
     0 | D:1      | Reached XP level 1. HP: 17/17 MP: 1/1
   298 | D:1      | Reached XP level 2. HP: 18/25 MP: 0/2
   657 | D:1      | Reached XP level 3. HP: 28/30 MP: 1/3
  1120 | D:2      | Found an opulent altar of Gozag.
  1416 | D:2      | Found a radiant altar of Vehumet.
  2230 | D:3      | Reached XP level 4. HP: 14/38 MP: 1/4
  2716 | D:3      | Noticed Grinder
  2719 | D:3      | Gained mutation: You are clumsy. (Dex -2) [potion of
                  | mutation]
  2719 | D:3      | Gained mutation: You are weak. (Str -2) [potion of
                  | mutation]
  2719 | D:3      | Lost mutation: You are weak. (Str -2) [potion of mutation]
  2719 | D:3      | Gained mutation: You have large cloven feet. [potion of
                  | mutation]
  2729 | D:3      | Slain by Grinder

Levels and vault maps discovered:
D:1:      giann_forest_graveyard, layout_loops_corners, serial_bayou_crossing
D:2:      layout_basic, marbit_many_paths, vehumet_crystals
D:3:      layout_basic, minmay_diced_spiral, uniq_grinder

Skill      XL: |  1  2  3 |
---------------+----------+-----
Fighting       | 3 |  3.3
Unarmed Combat | 2 |  2.3
Shields        | |  1.5
Ice Magic      | |  3.7
Poison Magic   | |  2.0
Evocations     | |  1.0

Action                   |  1- 3 |  4- 6 || total
-------------------------+-------+-------++-------
Melee: Club              |   132 |    33 ||   165
       Tailslap          |    14 |     7 ||    21
       Whip              |       |     9 ||     9
       Kick              |       |     2 ||     2
 Cast: Freeze            |    27 |     2 ||    29
  Use: Potion            |       |     4 ||     4
 Stab: Sleeping          |     1 |       ||     1
  Eat: Chunk             |     5 |     2 ||     7
Armor: Skin              |    55 |    21 ||    76
Dodge: Dodged            |   131 |    45 ||   176
